Map: Terraform LE (Void)

Players

PinheadLarry (Astrea)

  • Race: Protoss Protoss
  • League: Diamond

qxc - Winner!

  • Race: Terran Terran
  • League: Master

Event: ASL Season 5 Prime League LOTV Beta

VOD

Have the link to the VOD?

Description

Time

  • Played on: Sept. 17, 2015, 6:22 p.m.
  • Length: 9:39

All games in this series

Show
View Real Time Build Order
Export as new Build Order

PinheadLarry Protoss 

Build Orders: Blink Stalkers 

Get SALT Encoding   

  12  0:00  Probe (Chrono Boost)  
  13  0:10  Probe (Chrono Boost)  
  14  0:19  Pylon  
  14  0:21  Probe (Chrono Boost)  
  15  0:36  Probe (Chrono Boost)  
  15  0:37  Gateway  
  16  0:43  Assimilator  
  16  0:46  Probe (Chrono Boost)  
  17  0:56  Probe (Chrono Boost)  
  18  1:01  Assimilator  
  18  1:06  Probe (Chrono Boost)  
  19  1:16  Probe (Chrono Boost)  
  20  1:24  Cybernetics Core  
  20  1:26  Probe (Chrono Boost)  
  20  1:27  Pylon  
  21  1:39  Probe (Chrono Boost)  
  22  1:48  Probe (Chrono Boost)  
  23  1:57  Warp Gate (Chrono Boost)  
  23  2:00  Mothership Core (Chrono Boost)  
  27  2:01  Adept  
  27  2:09  Pylon  
  27  2:18  Probe (Chrono Boost)  
  28  2:24  Twilight Council  
  28  2:29  Stalker  
  30  2:31  Probe  
  30  2:36  Gateway  
  31  2:38  Gateway  
  31  2:54  Pylon  
  31  2:57  Blink (Chrono Boost)  
  31  3:18  Nexus  
  31  3:31  Probe  
  32  3:43  Probe  
  33  3:51  Stalker x2  
  33  3:52  Stalker  
  33  3:55  Probe (Chrono Boost)  
  40  4:04  Stargate  
  40  4:06  Probe (Chrono Boost)  
  41  4:16  Probe (Chrono Boost)  
  40  4:21  Stalker x2  
  44  4:25  Probe (Chrono Boost)  
  45  4:32  Probe (Chrono Boost)  
  45  4:35  Stalker  
  45  4:37  Probe (Chrono Boost)  
  49  4:41  Probe (Chrono Boost)  
  50  4:46  Pylon  
  50  4:48  Oracle (Chrono Boost)  
  53  4:58  Probe x2  
  53  5:04  Assimilator  
  53  5:05  Assimilator  
  53  5:10  Probe x2  
  55  5:22  Probe x2  
  55  5:24  Pylon  
  57  5:28  Forge  
  57  5:34  Probe x2  
  59  5:42  Pylon  
  59  5:46  Probe x2  
  61  5:55  Shield Upgrade  
  61  5:58  Probe x2  
  61  6:01  Protoss Ground Armor Level 1  
  63  6:05  Fleet Beacon  
  63  6:06  Stargate  
  63  6:10  Probe  
  64  6:17  Probe  
  65  6:22  Probe  
  66  6:26  Gateway x2  
  66  6:29  Gateway, Carrier x2 (Chrono Boost)  
  66  6:30  Pylon  
  66  6:36  Pylon  
  74  6:57  Adept  
  74  6:58  Adept x2  
  80  7:18  Pylon  
  80  7:19  Adept x3  
  80  7:22  Graviton Catapult, Pylon  
  86  7:27  Carrier (Chrono Boost)  
  86  7:30  Adept x3  
  86  7:33  Pylon  
  92  7:45  Adept x2  
  92  7:46  Adept  
  98  7:51  Protoss Air Weapons Level 1 (Chrono Boost)  
  104  8:26  Adept  
  104  8:27  Adept x3  
  108  8:29  Nexus  
  112  8:47  Probe  
  113  8:49  Pylon  
  113  8:50  Pylon  
  113  8:54  Pylon  
Show
View Real Time Build Order
Export as new Build Order

qxc Terran - Winner!

Build Orders: MMM Bio 

Get SALT Encoding   

  12  0:01  SCV  
  13  0:13  SCV  
  14  0:17  Supply Depot  
  14  0:25  SCV  
  15  0:39  SCV  
  15  0:41  Barracks  
  16  0:44  Refinery  
  16  0:51  SCV  
  17  1:03  SCV  
  18  1:15  SCV  
  19  1:28  Barracks Reactor, Orbital Command  
  19  1:38  Engineering Bay  
  19  1:48  Supply Depot  
  19  1:53  SCV  
  20  2:05  SCV, Marine x2  
  23  2:09  Command Center  
  23  2:18  SCV  
  24  2:23  Marine x2  
  24  2:28  Barracks  
  26  2:31  SCV  
  26  2:35  Bunker  
  27  2:41  Marine x2  
  29  2:44  Supply Depot, SCV  
  30  2:55  Barracks  
  30  2:57  SCV  
  31  3:05  Marine x2  
  31  3:09  SCV  
  32  3:21  SCV  
  32  3:22  Barracks Tech Lab  
  32  3:23  Marine x2  
  35  3:27  Orbital Command  
  35  3:33  SCV  
  35  3:42  Marine x2  
  35  3:43  Marine, Stimpack, Marauder  
  35  3:45  SCV  
  35  3:47  Refinery  
  41  3:52  Engineering Bay  
  41  3:54  SCV  
  42  3:58  SCV  
  42  4:01  Marine x2  
  45  4:04  Marauder  
  45  4:05  Marine  
  45  4:07  SCV  
  49  4:12  SCV  
  50  4:21  SCV  
  50  4:22  Bunker  
  50  4:23  Marine  
  52  4:24  Bunker  
  52  4:26  Marine  
  53  4:37  Supply Depot  
  53  4:39  SCV  
  53  4:41  Supply Depot  
  54  4:46  Factory  
  54  4:55  Terran Infantry Weapons Level 1  
  54  4:57  SCV  
  53  5:01  Marauder, Marine x2  
  53  5:04  SCV  
  58  5:09  SCV  
  58  5:11  Missile Turret  
  59  5:16  SCV  
  59  5:18  Marine  
  59  5:19  Marine x2  
  63  5:21  SCV  
  63  5:23  Marauder  
  63  5:25  Supply Depot  
  63  5:28  SCV  
  67  5:32  Starport, Factory Reactor  
  67  5:34  SCV  
  68  5:38  Marine x2  
  68  5:41  Supply Depot  
  70  5:46  SCV, Marine  
  70  5:47  Reaper  
  70  5:48  SCV  
  69  5:58  SCV  
  69  6:00  SCV, Marine x2  
  71  6:08  Missile Turret  
  71  6:09  Missile Turret  
  71  6:10  SCV  
  72  6:13  SCV  
  72  6:18  Medivac  
  75  6:21  Refinery  
  75  6:23  SCV, Supply Depot, Marine x3  
  75  6:24  Marine  
  80  6:26  Medivac  
  80  6:29  SCV  
  82  6:38  SCV  
  82  6:43  Marine x2  
  82  6:44  Marine  
  82  6:45  Marauder  
  86  6:51  Medivac  
  86  6:52  SCV  
  90  6:54  SCV  
  90  6:57  Command Center  
  60  7:01  Medivac  
  90  7:04  SCV  
  93  7:10  Factory Reactor  
  93  7:11  SCV  
  92  7:16  Supply Depot x2  
  92  7:17  Supply Depot  
  92  7:18  Marine x2  
  92  7:19  Refinery  
  94  7:24  Terran Infantry Armor Level 1  
  94  7:37  SCV x2  
  94  7:41  Marine  
  94  7:42  Combat Shields, Marine  
  98  7:45  Supply Depot  
  98  7:47  Widow Mine x2  
  98  7:49  SCV, Barracks Tech Lab  
  98  7:50  Marauder  
  105  7:51  SCV  
  106  8:01  SCV  
  107  8:08  Marine x2  
  107  8:09  Concussive Shells, Marauder  
  107  8:10  SCV  
  114  8:17  SCV  
  114  8:20  Viking x2  
  114  8:21  SCV  
  114  8:25  Widow Mine x2  
  114  8:26  SCV  
  122  8:29  Marauder  
  122  8:30  Marine x2  
  125  8:42  Marauder  
  125  8:44  Orbital Command  
  125  8:48  Barracks, Marine x2  
  127  8:57  Marauder  
  127  9:01  Widow Mine x2  
  135  9:03  Viking  
  135  9:04  Marauder  
  135  9:05  Supply Depot  
  137  9:20  Marine x2  
Tags
 
Add a new tag
Caveats
  • Supply blocks, unpowered buildings, or Contaminate may cause inaccurate times.
  • Supply counts are checked every 10 seconds.